 Dungeon Crawl Stone Soup version 0.30-a0-777-ga9a30cbeda (webtiles) character file.

Game seed: 2588056572221136072

84 Newt the Trooper (level 4, -1/37 HPs)
             Began as a Demonspawn Gladiator on Feb 14, 2023.
             Was a Believer of Sif Muna.
             Slain by an orc priest
             ... wielding a +0 dagger
              (4 damage)
             ... on level 3 of the Dungeon.
             The game lasted 00:02:20 (2107 turns).

Newt the Trooper (Demonspawn Gladiator)             Turns: 2107, Time: 00:02:21

Health: -1/37      AC:  4    Str: 17    XL:     4   Next: 24%
Magic:  4/4        EV: 12    Int:  9    God:    Sif Muna [**....]
Gold:   66         SH:  0    Dex: 14    Spells: 3/3 levels left

rFire   . . .      SeeInvis .    q - +3 hand axe (heavy)
rCold   . . .      Faith    .    (no shield)
rNeg    . . .      Spirit   .    b - +0 leather armour
rPois   .          Reflect  .    c - +0 helmet
rElec   .          Harm     .    (no cloak)
rCorr   .          Rampage  .    (no gloves)
Will    .....                    (no boots)
Stlth   +                        (no amulet)
HPRegen 0.26/turn                (no ring)
MPRegen 0.09/turn                (no ring)

@: no status effects
A: hooves 1, demonic magic 1
a: Renounce Religion, Channel Magic


You were on level 3 of the Dungeon.
You worshipped Sif Muna.
Sif Muna was pleased with you.
You visited 1 branch of the dungeon, and saw 3 of its levels.

You collected 92 gold pieces.
You spent 26 gold pieces at shops.

Inventory:

Hand Weapons
 a - a +0 rapier
 q - a +3 heavy hand axe (weapon)
Missiles
 d - 3 throwing nets (quivered)
 e - a javelin
 k - 2 atropa-tipped darts
 l - 3 curare-tipped darts
Armour
 b - a +0 leather armour (worn)
 c - a +0 helmet (worn)
Jewellery
 v - a ring of see invisible
Scrolls
 f - a scroll of amnesia
 p - a scroll of torment
Potions
 j - 2 potions of might
 m - a potion of mutation
 o - a potion of lignification
 r - a potion of degeneration {unknown}
 s - 2 potions of curing {unknown}
 t - a potion of ambrosia {unknown}
 u - 4 potions of heal wounds {unknown}


   Skills:
 - Level 4.0 Fighting
 - Level 2.6 Short Blades
 * Level 1.7 Axes
 - Level 1.7 Throwing
 - Level 2.6 Dodging


You had 3 spell levels left.
You didn't know any spells.
Your spell library contained the following spells:

 Spells                   Type           Power      Damage    Failure   Level
 Static Discharge         Conj/Air       0%         2-2/arc   58%         2
 Stone Arrow              Conj/Erth      0%         3d7       83%         3
 Vhi's Electric Charge    Tloc/Air       0%         N/A       83%         3
 Animate Armour           Summ/Erth      0%         N/A       99%         4
 Arcjolt                  Conj/Air       0%         1d10      100%        5
 Lightning Bolt           Conj/Air       0%         1d11      100%        5
 Lehudib's Crystal Spear  Conj/Erth      0%         10d2      100%        8
 Maxwell's Capacitive Co  Air            0%         ∞         100%        8


Dungeon Overview and Level Annotations

Branches:
Dungeon (3/15)

Altars:
Sif Muna

Shops:
D:1 ??


Innate Abilities, Weirdness & Mutations

You have large cloven feet.
Spells you cast may paralyse adjacent enemies.


Message History

You barely miss the orc.
The kobold shouts!
Your kick misses the orc.
The orc is heavily wounded.
You slash the orc priest! The orc barely misses you.
The orc priest hits you with a +0 dagger.
The orc priest hits you but does no damage.
The orc closely misses you.
You barely miss the orc priest.
The orc priest is severely wounded.
You barely miss the orc.
The orc priest calls down the wrath of Beogh upon you.
Beogh smites you!
A jackal comes into view.
There are monsters nearby!
There are monsters nearby!
You are too injured to fight recklessly!
Unknown command.
You hit the orc priest but do no damage.
Your kick misses the orc priest.
The orc priest is severely wounded.
You hit the orc.
You kill the orc!
Sif Muna accepts your kill.
The orc priest hits you with a +0 dagger.
The orc hits you but does no damage.
The orc priest looks braver for a moment.
You closely miss the orc priest.
The orc priest is severely wounded.
You barely miss the orc.
A jackal comes into view.
The orc barely misses you.
The orc priest mumbles some strange prayers to Beogh against you.
Beogh smites you!
* * * LOW HITPOINT WARNING * * *
A jackal comes into view.
The orc hits you but does no damage. The orc hits you with a +0 whip.
* * * LOW HITPOINT WARNING * * *
The orc priest hits you with a +0 dagger.
You die...

.......#####.[..#
..†.....#...#.####.# ...
#.##....#..........# ...
#.#..##.#....#####.#...#
..........##.# #.......#
........#.##.###.##.....
.>......+........†......
..##..[.#.##.....o..|...
..##....# #.##.@o...###
........# ...##.#oK..#
#.#.#######.###.#h##....
............ #.#.. ####
#........##.# ##....
#........##.# #..h#
+....)......# #h.#
#.........## #..
#####.†.#..#


You could see an orc priest, 2 orcs, 3 jackals and a kobold.

Vanquished Creatures
  Jessica (D:2)
  A worm (D:2)
  3 orcs (D:3)
  4 endoplasms
  4 giant cockroaches
  3 goblins
  7 hobgoblins
  3 jackals (D:1)
  2 quokkas (D:1)
  7 ball pythons
  A bat (D:2)
  6 frilled lizards
  A kobold (D:2)
  6 rats
49 creatures vanquished.

Vanquished Creatures (others)
  2 withered plants (D:1)
2 creatures vanquished.

Grand Total: 51 creatures vanquished

Notes
Turn   | Place    | Note
-------+----------+-------------------------------------------
     0 | D:1      | Newt the Demonspawn Gladiator began the quest for the Orb.
     0 | D:1      | Reached XP level 1. HP: 16/16 MP: 1/1
   234 | D:1      | Gained mutation: Spells you cast may paralyse adjacent
                  | enemies. [demonic ancestry]
   234 | D:1      | Reached XP level 2. HP: 20/23 MP: 2/2
   337 | D:1      | Reached skill level 3 in Fighting
   628 | D:1      | Found a faded altar of an unknown god.
   642 | D:1      | Prayed at the altar of an unknown god.
   642 | D:1      | Became a worshipper of Sif Muna the Loreminder
   642 | D:1      | Reached * piety under Sif Muna
   678 | D:1      | Found Pokidife's Magic Scroll Shop.
   689 | D:1      | Bought a scroll of identify for 26 gold pieces
   693 | D:1      | Found Toidanwi's Magic Scroll Shoppe.
   913 | D:1      | Gained mutation: You have large cloven feet. [demonic
                  | ancestry]
   913 | D:1      | Reached XP level 3. HP: 25/29 MP: 3/3
  1222 | D:2      | Noticed Jessica
  1234 | D:2      | Killed Jessica
  1235 | D:2      | Reached skill level 4 in Fighting
  1359 | D:2      | Reached skill level 1 in Axes
  1646 | D:2      | Reached XP level 4. HP: 36/37 MP: 4/4
  2009 | D:3      | Found Tofejin's Book Emporium.
  2033 | D:3      | Reached ** piety under Sif Muna
  2107 | D:3      | Slain by an orc priest

Illustrated notes

Levels and vault maps discovered:
D:1:      mrwooster_arrival_arrow, layout_basic, serial_shops, shop,
          nicolae_shop_stone, serial_curves, eino_curves_03, eino_curves_02,
          ebering_ecumenical_altar_petrified
D:2:      layout_basic, minmay_diced_spiral, uniq_jessica
D:3:      layout_basic, serial_shops, shop, minivault_26

Skill      XL: |  1  2  3 |
---------------+----------+-----
Fighting       | 3 4 |  4.0
Axes           | 1 |  1.7
Short Blades   | |  2.6
Throwing       | |  1.7
Dodging        | |  2.6

Action                     |  1- 3 |  4- 6 || total
---------------------------+-------+-------++-------
  Melee: Rapier            |   110 |       ||   110
         Hand axe          |    13 |    17 ||    30
         Kick              |     4 |     2 ||     6
  Throw: Throwing net      |     2 |       ||     2
         Dart              |     1 |       ||     1
    Use: Scroll            |       |     9 ||     9
   Stab: Sleeping          |     2 |       ||     2
 Armour: Leather armour    |    35 |     7 ||    42
  Dodge: Dodged            |    73 |    10 ||    83

Table legend: (Time is in decaauts)
 A = Elapsed time spent in this place.
 B = Non-inter-level travel time spent in this place.
 C = Inter-level travel time spent in this place.
 D = Time resting spent in this place.
 E = Time spent auto-exploring this place.
 F = Levels seen in this place.
 G = Mean time per level.
                   A        B        C        D        E       F      G
               +--------+--------+--------+--------+--------+-----+--------+
         Total |   2137 |   2084 |     53 |    285 |   1441 |   3 |  712.3 |
       Dungeon |   2137 |   2084 |     53 |    285 |   1441 |   3 |  712.3 |
               +--------+--------+--------+--------+--------+-----+--------+

Top non-repeatable levels by time:
     D:1: 1184 daAuts
     D:2: 765 daAuts
     D:3: 186 daAuts
